 Dungeon Crawl Stone Soup version 0.31-a0-844-gdc52ec4e09 (webtiles) character file.

Game seed: 9573562335849062872

5899 Nedwor the Slicer (level 10, -9/80 HPs)
             Began as a Demonspawn Gladiator on Sept 28, 2023.
             Was a Believer of Uskayaw.
             Mangled by a death knight
             ... wielding a +2 battleaxe of electrocution
              (14 damage)
             ... on level 8 of the Dungeon.
             The game lasted 00:16:00 (8894 turns).

Nedwor the Slicer (Demonspawn Gladiator)            Turns: 8894, Time: 00:16:02

Health: -9/80      AC: 12    Str: 14    XL:     10   Next: 53%
Magic:  10/10      EV: 22    Int:  9    God:    Uskayaw [**....]
Gold:   340        SH:  0    Dex: 20    Spells: 9/9 levels left

rFire   + + .        C - +4 short sword
rCold   . . .        (no shield)
rNeg    . . .        n - +0 steam dragon scales
rPois   .            (helmet restricted)
rElec   .            z - +0 cloak
rCorr   .            y - +0 pair of gloves
SInv    .            x - +0 pair of boots
Will    .....        b - amulet of regeneration
Stlth   ++           g - ring of protection from fire
HPRegen 1.13/turn    a - +5 ring of evasion
MPRegen 0.12/turn

%: no passive effects
@: mighty
A: antennae 2, molten scales 3, ignite blood 1, spiny 2
a: Renounce Religion, Stomp, Line Pass


You were on level 8 of the Dungeon.
You worshipped Uskayaw.
Uskayaw was noncommittal.
You visited 2 branches of the dungeon, and saw 9 of its levels.
You also visited: Ossuary.

You collected 430 gold pieces.
You spent 90 gold pieces at shops.

Inventory:

Hand Weapons
 v - a +1 dagger of speed
 C - a +4 short sword (weapon)
Missiles
 d - 3 throwing nets (quivered)
 e - 10 javelins
Armour
 c - a +0 helmet
 f - a +0 ring mail
 n - +0 steam dragon scales (worn)
 x - a +0 pair of boots (worn)
 y - a +0 pair of gloves (worn)
 z - a +0 cloak (worn)
Jewellery
 a - a +5 ring of evasion (right hand)
 b - an amulet of regeneration (around neck)
 g - a ring of protection from fire (left hand)
 w - an amulet of guardian spirit
 B - a ring of see invisible
 D - an amulet of reflection
Wands
 h - a wand of flame (17)
 p - a wand of digging (6)
 F - a wand of iceblast (11)
Scrolls
 i - a scroll of brand weapon {unknown}
 j - 2 scrolls of fog
 l - 4 scrolls of teleportation
 o - 2 scrolls of revelation
 q - 2 scrolls of identify
 A - a scroll of vulnerability
Potions
 r - 2 potions of mutation {unknown}
 s - a potion of enlightenment
 t - 6 potions of curing
 u - a potion of invisibility {unknown}
 E - a potion of brilliance {unknown}


   Skills:
 + Level 8.2 Fighting
 * Level 10.7 Short Blades
 - Level 1.7 Throwing
 + Level 7.8 Dodging


You had 9 spell levels left.
You didn't know any spells.
Your spell library contained the following spells:

 Spells                   Type           Power      Damage    Failure   Level
 Kiss of Death            Conj/Necr      0%         2d5       38%         1
 Sandblast                Erth           0%         2d4       38%         1
 Sting                    Tmut/Pois      0%         1d3       38%         1
 Summon Small Mammal      Summ           0%         N/A       38%         1
 Passwall                 Tmut/Erth      0%         N/A       52%         2
 Poisonous Vapours        Pois/Air       0%         N/A       52%         2
 Call Canine Familiar     Summ           0%         N/A       77%         3
 Confusing Touch          Hex            0%         N/A       77%         3
 Ignite Poison            Fire/Tmut/Pois 0%         N/A       77%         3
 Stone Arrow              Conj/Erth      0%         3d7       77%         3
 Summon Guardian Golem    Hex/Summ       0%         N/A       77%         3
 Volatile Blastmotes      Fire/Tloc      0%         2d10      77%         3
 Brom's Barrelling Bould  Conj/Erth      0%         2d3       99%         4
 Dispel Undead            Necr           0%         3d6       99%         4
 Fulminant Prism          Conj/Hex       0%         3d5       99%         4
 Iskenderun's Mystic Bla  Conj/Tloc      0%         2d3       99%         4
 Olgreb's Toxic Radiance  Pois           0%         N/A       99%         4
 Sticky Flame             Conj/Fire      0%         2d3       99%         4
 Ignition                 Fire           0%         3d3       100%        8


Dungeon Overview and Level Annotations

Branches:
Dungeon (8/15)             Temple (1/1) D:7         Ossuary (visited)
   Lair: D:8-11

Altars:
Ashenzari
Cheibriados
Dithmenos
Fedhas
Gozag
Hepliaklqana
Kikubaaqudgha
Makhleb
Nemelex Xobeh
Okawaru
Qazlal
Ru
Sif Muna
Trog
Uskayaw
Vehumet
Wu Jian
Xom
Yredelemnul

Shops:
D:2 [   D:6 :   D:7 ?[

Annotations:
D:8 3 runed translucent doors, PotatoSalad1221's ghost, novice GnSh; Talonman3's ghost, novice VSEn; feta's ghost, novice TrFi; magaron's ghost, novice MiFi; vaaraton's ghost, novice DECj


Innate Abilities, Weirdness & Mutations

You have a pair of antennae on your head.
You are completely covered in molten scales. (AC +4, rF+)
Your demonic aura sometimes causes spilled blood to erupt in flames.
You are mostly covered in sharp spines.


Message History

You can no longer pass through a line of other dancers.
Things that are here:
a +0 giant club; a +0 giant spiked club; a +0 mace The acid dragon roars!
The acid dragon spits acid at you. The splash of acid hits you!
The acid corrodes you!
You hear a loud, deep croak!
The death knight hits you with a +2 battleaxe of electrocution!
You feel mightier all of a sudden.
The death knight hits you with a +2 battleaxe of electrocution!
* * * LOW HITPOINT WARNING * * *
You puncture the death knight!
The death knight is lightly wounded.
You barely miss the death knight.
The death knight is lightly wounded.
The death knight completely misses you.
You hit the death knight.
The death knight is lightly wounded.
You hit the death knight.
The death knight is lightly wounded.
The death knight is struck by your spines.
The death knight hits you with a +2 battleaxe of electrocution.
* * * LOW HITPOINT WARNING * * *
You can now pass through a line of other dancers.
You puncture the death knight!
The death knight is moderately wounded.
You barely miss the death knight.
The death knight is moderately wounded.
You are no longer corroded.
The death knight offers itself to Yredelemnul, and fills with unholy energy.
You barely miss the death knight.
The death knight is moderately wounded.
You hit the death knight.
The death knight is heavily wounded.
The death knight reflects your damage back at you!
* * * LOW HITPOINT WARNING * * *
The death knight hits you with a +2 battleaxe of electrocution.
* * * LOW HITPOINT WARNING * * *
You are electrocuted!
You die...

#.D#..## ,.#
##.##.)###.##[.#
#.)#)..†p....# ########
##..##.8.^8.## #......#
##...######## #.####.#
#.#........ #.# #.#
##.#...!....
#.####.###..##.......
#.#.....@pD..##.....$
#.#.##.############## ###
###.#.##.# #.# #.#
#........# ##'## #.#
#.###.##.# ##...## #.# #.#
#.##.## ##.....## #.. #.#
#.....# ##.......## ### #.#
##....###.........####.
#.###.......'.........)))..


You could see a death knight (reflects damage) and an acid dragon.

Vanquished Creatures
  A two-headed ogre (D:8)
  A skeletal warrior (D:8)
  A manticore (D:8)
  A queen bee (shapeshifter) (D:8)
  Eustachio (D:4)
  2 steam dragons
  3 water moccasins
  4 sky beasts
  A black bear (D:6)
  2 orc warriors
  4 ogres
  2 centaurs (D:7)
  3 phantoms
  4 bullfrogs
  7 scorpions
  4 wights (D:5)
  An electric eel (D:7)
  A centaur zombie (Ossuary)
  4 human zombies (Ossuary)
  2 hounds (D:5)
  2 jellies
  Crazy Yiuf (D:6)
  A gnoll bouda (D:6)
  An orc priest (D:7)
  A sleepcap (D:4)
  Terence (D:2)
  Ijyb (D:4)
  5 iguanas
  13 orc wizards
  2 mummies (Ossuary)
  10 gnolls
  An adder (D:4)
  A shadow imp (D:7)
  2 white imps
  2 ufetubi
  An adder zombie (Ossuary)
  A worm (D:4)
  2 dart slugs
  23 orcs
  A ball python (D:3)
  8 endoplasms
  A giant cockroach (D:3)
  15 goblins
  10 hobgoblins
  3 jackals (D:4)
  6 quokkas
  2 bats
  2 frilled lizards
  12 hobgoblin zombies (Ossuary)
  7 kobolds
  11 kobold zombies (Ossuary)
  7 orc zombies (Ossuary)
  2 rats
  A rat zombie (Ossuary)
208 creatures vanquished.

Vanquished Creatures (others)
  A sleepcap (D:7)
  An orc wizard (D:5)
  2 orcs (D:7)
4 creatures vanquished.

Grand Total: 212 creatures vanquished

Notes
Turn   | Place    | Note
-------+----------+-------------------------------------------
     0 | D:1      | Nedwor the Demonspawn Gladiator began the quest for the
                  | Orb.
     0 | D:1      | Reached XP level 1. HP: 16/16 MP: 1/1
   138 | D:1      | Reached skill level 3 in Short Blades
   138 | D:1      | Gained mutation: You are partially covered in sharp spines.
                  | [demonic ancestry]
   138 | D:1      | Reached XP level 2. HP: 22/22 MP: 2/2
   185 | D:1      | You fall into a shaft and drop 1 floor!
   820 | D:2      | Found a hazy altar of Hepliaklqana.
   841 | D:2      | Found Xusy's Armour Shop.
   927 | D:2      | Gained mutation: You have a pair of small antennae on your
                  | head. [demonic ancestry]
   927 | D:2      | Reached XP level 3. HP: 28/28 MP: 3/3
  1058 | D:2      | Noticed Terence
  1071 | D:2      | Killed Terence
  1327 | D:2      | Found a faded altar of an unknown god.
  1666 | D:3      | Gained mutation: You are partially covered in molten
                  | scales. (AC +2) [demonic ancestry]
  1666 | D:3      | Reached XP level 4. HP: 34/34 MP: 4/4
  1991 | D:3      | Reached skill level 4 in Short Blades
  2591 | D:4      | Noticed a sky beast
  2603 | D:4      | Killed a sky beast
  2604 | D:4      | Reached XP level 5. HP: 14/41 MP: 5/5
  2653 | D:4      | Noticed a phantom
  2665 | D:4      | Killed a phantom
  2666 | D:4      | Gained mutation: You are mostly covered in molten scales.
                  | (AC +3) [demonic ancestry]
  2666 | D:4      | Reached XP level 6. HP: 42/47 MP: 6/6
  2773 | D:4      | Found a sand-covered staircase.
  2780 | Ossuary  | Entered an ossuary
  2879 | Ossuary  | Reached skill level 5 in Short Blades
  3053 | Ossuary  | Gained mutation: You have a pair of antennae on your head.
                  | [demonic ancestry]
  3053 | Ossuary  | Reached XP level 7. HP: 54/54 MP: 7/7
  3143 | D:4      | Noticed Eustachio
  3175 | D:4      | Killed Eustachio
  3176 | D:4      | Reached skill level 6 in Short Blades
  3443 | D:2      | Bought a +0 pair of boots for 45 gold pieces
  3443 | D:2      | Bought a +0 pair of gloves for 45 gold pieces
  4277 | D:4      | Noticed Ijyb
  4286 | D:4      | Killed Ijyb
  4879 | D:5      | Entered Level 5 of the Dungeon
  4879 | D:5      | Found a shimmering blue altar of Sif Muna.
  4907 | D:5      | Found a sacrificial altar of Ru.
  4958 | D:5      | Found a shimmering altar of Xom.
  5121 | D:5      | Reached skill level 5 in Fighting
  5121 | D:5      | Reached skill level 5 in Dodging
  5121 | D:5      | Gained mutation: You are mostly covered in sharp spines.
                  | [demonic ancestry]
  5121 | D:5      | Reached XP level 8. HP: 39/62 MP: 8/8
  5291 | D:5      | Reached skill level 7 in Short Blades
  5880 | D:6      | Reached skill level 8 in Short Blades
  5903 | D:6      | Gained mutation: Your demonic aura sometimes causes spilled
                  | blood to erupt in flames. [demonic ancestry]
  5903 | D:6      | Reached XP level 9. HP: 69/69 MP: 9/9
  5963 | D:6      | Found a runed translucent door.
  5964 | D:6      | Noticed Crazy Yiuf
  6051 | D:6      | Found Ixtoik's Book Boutique.
  6693 | D:6      | Killed Crazy Yiuf
  7112 | D:7      | Found Eckar's Armour Emporium.
  7122 | D:7      | Reached skill level 9 in Short Blades
  7190 | D:7      | Found a shadowy altar of Dithmenos.
  7608 | D:7      | Found a staircase to the Ecumenical Temple.
  7793 | D:7      | Found Taoblo's Magic Scroll Emporium.
  7834 | Temple   | Entered the Ecumenical Temple
  7852 | Temple   | Became a worshipper of Uskayaw the Reveller
  8021 | D:7      | Reached * piety under Uskayaw
  8127 | D:8      | Reached ** piety under Uskayaw
  8186 | D:8      | Found an ancient bone altar of Kikubaaqudgha.
  8188 | D:8      | Found a hazy altar of Hepliaklqana.
  8193 | D:8      | Found an opulent altar of Gozag.
  8268 | D:8      | Reached *** piety under Uskayaw
  8278 | D:8      | Reached **** piety under Uskayaw
  8423 | D:8      | Found a runed translucent gate.
  8423 | D:8      | Found a runed translucent gate.
  8424 | D:8      | Found a runed translucent gate.
  8425 | D:8      | Noticed vaaraton's ghost (novice DECj)
  8425 | D:8      | Noticed magaron's ghost (novice MiFi)
  8425 | D:8      | Noticed feta's ghost (novice TrFi)
  8425 | D:8      | Noticed PotatoSalad1221's ghost (novice GnSh)
  8425 | D:8      | Noticed Talonman3's ghost (novice VSEn)
  8717 | D:8      | Gained mutation: You are completely covered in molten
                  | scales. (AC +4, rF+) [demonic ancestry]
  8717 | D:8      | Reached XP level 10. HP: 73/79 MP: 10/10
  8828 | D:8      | Noticed a two-headed ogre
  8828 | D:8      | Noticed a skeletal warrior
  8835 | D:8      | Reached skill level 10 in Short Blades
  8835 | D:8      | Reached ***** piety under Uskayaw
  8841 | D:8      | Noticed a manticore
  8848 | D:8      | Killed a skeletal warrior
  8850 | D:8      | Killed a two-headed ogre
  8850 | D:8      | Reached ****** piety under Uskayaw
  8855 | D:8      | Killed a manticore
  8859 | D:8      | Noticed a death knight
  8894 | D:8      | Mangled by a death knight

Illustrated notes

Levels and vault maps discovered:
D:1:      tarquinn_simple_flora_water_e, layout_loops_ring
D:2:      layout_basic, basic_altar, serial_shops, nicolae_shop_crystal,
          shapermc_ecumenical_altar_mp_vishouse, uniq_terence
D:3:      layout_basic
D:4:      kennysheep_goblin_castle, layout_gridville,
          nicolae_ossuary_entry_plus, chequers_jeans, uniq_eustachio
D:5:      layout_basic, mainiacjoe_overflow_concentric_impassable,
          old_standard_altar, chequers_temple_overflow_statue_of_worship,
          eino_tiny_chamber, minmay_misc_feat_columns,
          hangedman_decor_peaks_small, st_stairs_2
D:6:      layout_cave_pools, serial_shops, nicolae_book_shop_shelving,
          uniq_crazy_yiuf_cottage
D:7:      layout_layer_cave, nicolae_dithmenos_shadow_blocks, temple_fountains,
          serial_shops, kennysheep_mini_moat, nicolae_take_the_stairs,
          hangedman_abyss_or_decor_lesser_grid, dk_vineyard_2,
          nicolae_lava_and_water
D:8:      layout_loops_corners, grunt_temple_overflow_open,
          gammafunk_ghost_cemetery, nzn_random_ring
Temple:   nicolae_temple_bog_church

Skill      XL: |  1  2  3  4  5  6  7  8  9 10 |
---------------+-------------------------------+-----
Short Blades   | 3 4 5 6 8 9 10 | 10.7
Dodging        | 3 4 5 6 7 |  7.8
Fighting       | 3 4 5 6 7 8 |  8.2
Throwing       | |  1.7

Action                     |  1- 3 |  4- 6 |  7- 9 | 10-12 || total
---------------------------+-------+-------+-------+-------++-------
  Melee: Rapier            |    80 |   182 |   163 |       ||   425
         Punch             |       |     2 |     6 |       ||     8
         Short sword       |       |       |   235 |    48 ||   283
    Use: Scroll            |       |     6 |    14 |     1 ||    21
         Potion            |       |       |     5 |     3 ||     8
   Stab: Sleeping          |     1 |       |       |       ||     1
         Paralysed         |       |       |     2 |     1 ||     3
 Armour: Ring mail         |    37 |    98 |   254 |    12 ||   401
         Steam dragon scal |       |       |       |     5 ||     5
  Dodge: Dodged            |    37 |    77 |   244 |    18 ||   376

Table legend: (Time is in decaauts)
 A = Elapsed time spent in this place.
 B = Non-inter-level travel time spent in this place.
 C = Inter-level travel time spent in this place.
 D = Time resting spent in this place.
 E = Time spent auto-exploring this place.
 F = Levels seen in this place.
 G = Mean time per level.
                   A        B        C        D        E       F      G
               +--------+--------+--------+--------+--------+-----+--------+
         Total |   8723 |   8090 |    633 |   1458 |   5152 |  10 |  872.3 |
       Dungeon |   8403 |   7786 |    617 |   1458 |   5052 |   8 | 1050.4 |
        Temple |     34 |     19 |     15 |      0 |      0 |   1 |   34.0 |
       Ossuary |    285 |    285 |      0 |      0 |    100 |   1 |  285.0 |
               +--------+--------+--------+--------+--------+-----+--------+

Top non-repeatable levels by time:
     D:2: 1497 daAuts
     D:4: 1389 daAuts
     D:7: 1232 daAuts
     D:3: 1099 daAuts
     D:6: 956 daAuts
     D:5: 846 daAuts
     D:8: 773 daAuts
     D:1: 608 daAuts
 Ossuary: 285 daAuts
  Temple: 34 daAuts
